 Dungeon Crawl Stone Soup version 0.21.0 (webtiles) character file.

3192 Drusha21 the Cleaver (level 9, -15/79 HPs)
             Began as a Minotaur Abyssal Knight on Mar 1, 2018.
             Was a High Priest of Lugonu.
             Killed from afar by Pikel (22 damage)
             ... with a wand of acid (7)
             ... on level 8 of the Dungeon.
             The game lasted 00:32:03 (8089 turns).

Drusha21 the Cleaver (Minotaur Abyssal Knight)      Turns: 8089, Time: 00:32:10

Health: -15/79     AC:  2    Str: 20    XL:     9   Next: 64%
Magic:  9/9        EV:  5    Int:  9    God:    Lugonu [*****.]
Gold:   103        SH: 16    Dex: 10    Spells: 8/8 levels left

rFire    . . .     SeeInvis .   r - +0 war axe
rCold    . . .     Gourm    .   D - +2 large shield {rPois}
rNeg     . . .     Faith    .   x - +0 chain mail
rPois    +         Spirit   .   (helmet restricted)
rElec    .         Reflect  .   (no cloak)
rCorr    .         Harm     .   (no gloves)
MR       .....                  (no boots)
Stlth    ..........             (no amulet)
HPRegen  0.23/turn              e - ring of fire
MPRegen  0.11/turn              j - ring of ice

@: corroded
A: retaliatory headbutt, horns 2
a: Depart the Abyss, Bend Space, Banish, Corrupt, Enter the Abyss, Renounce
Religion


You were on level 8 of the Dungeon.
You worshipped Lugonu.
Lugonu was extremely pleased with you.
You were not hungry.

You visited 1 branch of the dungeon, and saw 8 of its levels.
You visited the Abyss 1 time.

You collected 268 gold pieces.
You spent 165 gold pieces at shops.

Inventory:

Hand Weapons
 a - a +1 hand axe
 i - a +0 war axe
 q - a +0 falchion of holy wrath
 r - a +0 war axe (weapon)
Armour
 b - a +0 leather armour
 x - a +0 chain mail (worn)
 D - a +2 large shield of poison resistance (worn)
Jewellery
 e - a ring of fire (left hand)
 j - a ring of ice (right hand)
 G - an uncursed ring of stealth
Wands
 u - a wand of random effects (17)
 y - a wand of digging (11)
 F - a wand of polymorph (11)
Scrolls
 d - 3 scrolls of teleportation {unknown}
 g - 3 scrolls of remove curse
 h - 3 scrolls of amnesia {unknown}
 k - 5 scrolls of fog
 m - 3 scrolls of blinking {unknown}
 p - a scroll of enchant armour {unknown}
 s - a scroll of immolation {unknown}
 v - 2 scrolls of magic mapping {unknown}
 w - a scroll of fear {unknown}
 z - a scroll of identify
 I - a scroll of noise {unknown}
Potions
 f - 6 potions of lignification
 l - 6 potions of curing
 o - a potion of invisibility {unknown}
 t - a potion of brilliance {unknown}
 A - a potion of magic {unknown}
 B - a potion of degeneration {unknown}
 E - a potion of ambrosia {unknown}
Books
 H - a book of Callings

   Spells                             Type                      Level
   a - Summon Small Mammal            Summoning                    1
   b - Call Imp                       Summoning                    2
   c - Call Canine Familiar           Summoning                    3
   d - Summon Guardian Golem          Hexes/Summoning              3
   e - Summon Lightning Spire         Summoning/Air                4
   f - Summon Ice Beast               Ice/Summoning                4
Comestibles
 c - 15 rations


   Skills:
 + Level 7.4 Fighting
 + Level 11.0 Axes
 + Level 7.0 Armour
 + Level 4.4 Dodging
 - Level 2.0 Stealth
 + Level 4.8 Shields
 + Level 2.0 Invocations


You had 8 spell levels left.
You didn't know any spells.

Dungeon Overview and Level Annotations

Branches:
Dungeon (8/15)             Temple (0/1) D:5            Lair (0/6) D:8

Altars:
Fedhas
Zin

Shops:
D:5 (![   D:6 *

Annotations:
D:8 Pikel
Abyss:1 Joseph


Innate Abilities, Weirdness & Mutations

You reflexively headbutt those who attack you in melee.
You have a pair of horns on your head.


Message History

* * * LOW HITPOINT WARNING * * *
You block the slave's attack. The slave hits you!
* * * LOW HITPOINT WARNING * * *
You feel much better. The bullfrog skeleton hits you.
You block the centaur's attack. Pikel hits you with a whip of freezing.
* * * LOW HITPOINT WARNING * * *
Pikel freezes you.
* * * LOW HITPOINT WARNING * * *
The bullfrog skeleton hits you.
* * * LOW HITPOINT WARNING * * *
The slave hits you!
* * * LOW HITPOINT WARNING * * *
You block the slave's attack.
You feel better. The centaur hits you.
* * * LOW HITPOINT WARNING * * *
You block the bullfrog skeleton's attack.
The centaur hits you.
* * * LOW HITPOINT WARNING * * *
Pikel zaps a wand.
The bolt of acid hits you!
You die...

...... ...#.#
.....# #....#
#....##
#p....#
#Zc#.. #@p#.#
#pK#.# #(...#
#(#..#
##(#..####..
#..#....#..#
#.##.##....#
..#........#
.###.####...#


You could see Pikel, 3 slaves, a centaur and a bullfrog skeleton.

Vanquished Creatures
  Sigmund (D:5)
  Menkaure (D:7)
  A water moccasin (D:7)
  A hornet zombie (D:6)
  A phantom (D:5)
  An orc warrior (D:6)
  3 sky beasts
  2 ogres
  2 centaurs
  A big kobold (D:7)
  3 bullfrogs
  A wyvern zombie (D:7)
  A water moccasin zombie (D:7)
  A scorpion (D:7)
  3 crimson imps
  7 hounds
  A gnoll shaman (D:7)
  An orc priest (D:7)
  An iguana (D:8)
  9 orc wizards
  Ijyb (D:4)
  9 worker ants
  Natasha (thrice) (D:2)
  Robin (D:2)
  15 adders
  7 gnolls
  2 shadow imps
  4 oozes
  An adder zombie (D:5)
  5 worms
  7 leopard geckos
  20 orcs
  7 giant cockroaches
  15 goblins
  10 hobgoblins
  4 jackals (D:4)
  7 kobolds
  4 quokkas
  A ball python (D:3)
  A ball python skeleton (D:4)
  8 bats
  7 frilled lizards
  A leopard gecko skeleton (D:4)
  10 rats
192 creatures vanquished.

Notes
Turn   | Place    | Note
-------+----------+-------------------------------------------
     0 | Abyss:1  | Drusha21 the Minotaur Abyssal Knight began the quest for the Orb.
     0 | Abyss:1  | Reached XP level 1. HP: 19/19 MP: 1/1
    22 | D:1      | Escaped the Abyss
   175 | D:1      | Reached XP level 2. HP: 27/27 MP: 2/2
   311 | D:1      | Reached ** piety under Lugonu
   362 | D:1      | Reached skill level 3 in Axes
   712 | D:1      | Reached XP level 3. HP: 30/34 MP: 3/3
  1067 | D:2      | Noticed Natasha
  1078 | D:2      | Killed Natasha
  1078 | D:2      | Reached skill level 4 in Axes
  1078 | D:2      | Reached XP level 4. HP: 13/41 MP: 4/4
  1148 | D:2      | Noticed Natasha
  1157 | D:2      | Killed Natasha
  1189 | D:2      | Noticed Natasha
  1195 | D:2      | Killed Natasha
  1195 | D:2      | Reached skill level 5 in Axes
  1442 | D:2      | Reached XP level 5. HP: 47/47 MP: 5/5
  1541 | D:2      | Noticed Robin
  1563 | D:2      | Killed Robin
  2608 | D:3      | Reached *** piety under Lugonu
  3016 | D:3      | Found a glowing silver altar of Zin.
  3325 | D:3      | Reached XP level 6. HP: 47/53 MP: 6/6
  3351 | D:4      | Reached skill level 6 in Axes
  3603 | D:4      | Noticed Ijyb
  3611 | D:4      | Killed Ijyb
  3623 | D:4      | Reached skill level 5 in Fighting
  4374 | D:5      | Entered Level 5 of the Dungeon
  4374 | D:5      | Found Poawemn's Antique Weapon Shoppe.
  4384 | D:5      | Noticed Sigmund
  4398 | D:5      | Killed Sigmund
  4398 | D:5      | Reached skill level 7 in Axes
  4398 | D:5      | Reached skill level 1 in Stealth
  4398 | D:5      | Reached XP level 7. HP: 34/61 MP: 7/7
  4599 | D:5      | Found Wupsisush's Antique Armour Boutique.
  4689 | D:5      | Found a staircase to the Ecumenical Temple.
  4745 | D:5      | Found Meidd's Distillery.
  5183 | D:5      | Reached skill level 8 in Axes
  5538 | D:6      | Reached XP level 8. HP: 57/70 MP: 8/8
  5844 | D:6      | Reached skill level 5 in Armour
  6029 | D:6      | Reached **** piety under Lugonu
  6029 | D:6      | Reached skill level 9 in Axes
  6234 | D:6      | Found Reremucw's Assorted Antiques.
  6239 | D:6      | Bought a shiny large shield for 165 gold pieces
  6557 | D:6      | Found a blossoming altar of Fedhas.
  6866 | D:7      | Reached skill level 1 in Shields
  6939 | D:7      | Reached skill level 10 in Axes
  6957 | D:7      | Noticed Menkaure
  6965 | D:7      | Killed Menkaure
  6965 | D:7      | Reached XP level 9. HP: 34/78 MP: 9/9
  7788 | D:8      | Noticed Joseph
  7804 | D:8      | Reached ***** piety under Lugonu
  7804 | D:8      | Banished Joseph
  8002 | D:8      | Reached skill level 11 in Axes
  8016 | D:8      | Found a staircase to the Lair.
  8076 | D:8      | Noticed Pikel
  8089 | D:8      | Killed from afar by Pikel

Skill      XL: |  1  2  3  4  5  6  7  8  9 |
---------------+----------------------------+-----
Fighting       | 4 5 6 7 |  7.4
Axes           | 3 4 5 7 8 10 11 | 11.0
Armour         | 3 4 6 7 |  7.0
Dodging        | 2 3 4 |  4.4
Stealth        | 1 2 |  2.0
Shields        | 2 4 |  4.8
Invocations    | 2 |  2.0

Action                   |  1- 3 |  4- 6 |  7- 9 || total
-------------------------+-------+-------+-------++-------
Melee: Hand axe          |    53 |    92 |       ||   145
       Headbutt          |     5 |    23 |    52 ||    80
       War axe           |       |    72 |   318 ||   390
Invok: Bend Space        |       |     1 |       ||     1
       Banish            |       |       |     1 ||     1
  Use: Scroll            |       |       |     6 ||     6
       Potion            |       |       |     4 ||     4
 Stab: Sleeping          |       |       |     1 ||     1
  Eat: Chunk             |       |     8 |    12 ||    20
       Ration            |       |     1 |       ||     1
Armor: Leather armour    |    16 |    38 |     9 ||    63
       Chain mail        |       |       |    88 ||    88
Dodge: Dodged            |    41 |   124 |    91 ||   256
Block: Large shield      |       |       |   188 ||   188
